AoeStats
← [AFTM] manimues

Yucatan

510684768Analyzed
3v3 RM · 12h ago on Oct 2, 2026· 62m 24s· 6 players
Game mode
Random Map
Map size
Normal (6 player)
Population
200
Speed
Normal
Resources
Standard
Victory
Conquest
Starting age
Dark Age
Ending age
Imperial Age
RankedLock teamsTeams togetherTeam positionsShared explorationLock speedFull tech treeHidden civsTurbo modeCheats
Victory
Defeat
🇷🇺 Magyars · Russia
1291
+16
🇫🇷 Mongols · France
1266
+17
🇺🇸 Ethiopians · United States
1197
+20
1332
-19
🇨🇱 Varangians · Chile
1286
-18
🇨🇱 Saxons · Chile
1250
-16
Steel_Polite
7:28 Loom
12:07 Feudal Age
19:03 Castle Age
21:27 Double-Bit Axe
21:13 Crossbowman
22:40 Bow Saw
22:13 Horse Collar
23:38 Fletching
23:49 Padded Archer Armor
30:09 Bodkin Arrow
32:04 Heavy Plow
32:54 Padded Archer Armor
33:32 Wheelbarrow
32:42 Town Watch
36:44 Town Patrol
36:59 Hand Cart
40:52 Imperial Age
38:45 Ballistics
38:36 Masonry
38:40 Fervor
38:56 Gold Mining
38:56 Stone Mining
40:01 Thumb Ring
40:56 Arbalester
42:39 Chemistry
41:43 Bracer
41:58 Leather Archer Armor
45:35 Fortified Wall
47:23 Conscription
49:59 Coinage
49:39 Guilds
50:44 Ring Archer Armor
52:24 Banking
52:43 Conscription
54:10 Forging
54:00 Scale Mail Armor
54:42 Gold Shaft Mining
54:43 Stone Shaft Mining
55:09 Two-Man Saw
54:05 Elite Shotel Warrior
Vinzzzdj
10:36 Feudal Age
15:05 Castle Age
12:54 Loom
15:13 Castle Age
17:44 Padded Archer Armor
19:35 Gold Mining
20:57 Fletching
34:06 Bodkin Arrow
42:04 Masonry
42:37 Gold Shaft Mining
42:26 Ballistics
47:52 Double-Bit Axe
54:40 Wheelbarrow
TPE-床上小旋風
7:04 Loom
9:43 Feudal Age
11:09 Double-Bit Axe
13:05 Bloodlines
18:56 Wheelbarrow
23:42 Castle Age
23:57 Scale Barding Armor
24:12 Light Cavalry
26:27 Husbandry
28:21 Bow Saw
33:25 Horse Collar
38:24 Hand Cart
38:48 Gold Mining
38:48 Stone Mining
38:54 Stone Mining
40:20 Fletching
40:51 Chain Barding Armor
42:35 Corvinian Army
46:15 Imperial Age
44:40 Gold Shaft Mining
44:03 Bodkin Arrow
44:50 Heavy Plow
46:37 Cavalier
47:17 Elite Magyar Huszar
48:19 Conscription
49:33 Plate Barding Armor
50:02 Paladin
54:43 Chemistry
55:03 Ballistics
55:55 Hoardings
57:51 Heavy Cavalry Archer
58:56 Parthian Tactics
58:36 Recurve Bow
58:42 Bracer
58:43 Padded Archer Armor
58:06 Hussar
60:59 Thumb Ring
AiM | Mantequilla de Mani
7:22 Loom
9:28 Feudal Age
12:52 Bloodlines
14:30 Forging
15:02 Scale Barding Armor
21:35 Castle Age
21:47 Horse Collar
21:54 Double-Bit Axe
21:39 Light Cavalry
22:56 Iron Casting
24:36 Chain Barding Armor
31:40 Husbandry
32:32 Fletching
38:32 Imperial Age
36:43 Wheelbarrow
35:55 Town Watch
39:33 Gold Mining
40:00 Hand Cart
39:11 Hussar
42:14 Blast Furnace
42:56 Scale Mail Armor
42:58 Squires
42:43 Arson
43:42 Heavy Plow
44:20 Chain Mail Armor
43:29 Elite Mangudai
45:10 Gold Shaft Mining
44:25 Stone Mining
44:29 Elite Steppe Lancer
45:36 Bow Saw
45:58 Bodkin Arrow
50:56 Conscription
52:12 Chemistry
51:55 Bracer
52:54 Town Patrol
54:36 Heavy Camel Rider
[AFTM] manimues
8:37 Loom
10:41 Feudal Age
11:18 Double-Bit Axe
16:21 Castle Age
14:53 Fletching
15:22 Gold Mining
17:38 Scale Barding Armor
18:15 Gold Shaft Mining
17:52 Bow Saw
20:34 Ballistics
21:00 Town Watch
23:31 Thumb Ring
23:59 Stone Mining
24:51 Padded Archer Armor
28:59 Bodkin Arrow
39:50 Wheelbarrow
43:45 Horse Collar
48:06 Imperial Age
47:41 Heavy Plow
48:32 Forging
49:33 Cranequins
51:49 Bracer
53:00 Chemistry
52:17 Leather Archer Armor
55:43 Pikeman
56:25 Squires
56:11 Gambesons
57:04 Iron Casting
56:30 Scale Mail Armor
57:09 Heavy Mounted Crossbowman
58:33 Halberdier
62:48 Chain Barding Armor
62:07 Shield Wall
Dr. Corbata
6:29 Loom
10:48 Feudal Age
12:45 Bloodlines
13:43 Scale Barding Armor
23:30 Castle Age
21:53 Scale Mail Armor
22:04 Forging
22:17 Horse Collar
22:24 Double-Bit Axe
29:54 Squires
29:41 Gambesons
36:49 Wheelbarrow
38:11 Chain Mail Armor
40:13 Iron Casting
41:32 Arson
47:34 Imperial Age
47:35 Town Watch
47:43 Fletching
48:30 Hand Cart
48:31 Bow Saw
48:23 Heavy Plow
49:48 Elite Skirmisher
50:58 Conscription
52:14 Bodkin Arrow
52:20 Padded Archer Armor
53:09 Bracer
54:09 Leather Archer Armor
56:23 Crop Rotation
57:08 Two-Man Saw
Connection lost

Rejoining the realm…

Still unreachable

The connection could not be restored.

Session expired

The server has moved on; the page needs a fresh start.